 Dungeon Crawl Stone Soup version 0.30-a0-800-g7c544603b3 (webtiles) character file.

Game seed: 1973064869306921301

88 cforsyth the Sneak (level 4, 0/28 HPs)
             Began as a Kobold Brigand on Feb 22, 2023.
             Slain by a bullfrog (5 damage)
             ... on level 6 of the Dungeon.
             The game lasted 00:04:52 (1881 turns).

cforsyth the Sneak (Kobold Brigand)                 Turns: 1881, Time: 00:04:53

Health: 0/28       AC:  3    Str:  8    XL:     4   Next: 82%
Magic:  4/4        EV: 15    Int: 12    God:
Gold:   486        SH:  0    Dex: 18    Spells: 3/3 levels left

rFire   . . .      SeeInvis .    a - +2 dagger
rCold   . . .      Faith    .    (no shield)
rNeg    . . .      Spirit   .    b - +0 robe
rPois   +          Reflect  .    (no helmet)
rElec   .          Harm     .    c - +0 cloak
rCorr   .          Rampage  .    (no gloves)
Will    .....                    (no boots)
Stlth   ++++                     (no amulet)
HPRegen 0.24/turn                n - ring of poison resistance
MPRegen 0.09/turn                (no ring)

@: no status effects
A: small, no large weapons, nightstalker 3
a: no special abilities


You were on level 6 of the Dungeon.
You visited 1 branch of the dungeon, and saw 4 of its levels.

You collected 486 gold pieces.

Inventory:

Hand Weapons
 a - a +2 dagger (weapon)
Missiles
 d - 9 poisoned darts (quivered)
 e - 3 curare-tipped darts
Armour
 b - a +0 robe (worn)
 c - a +0 cloak (worn)
Jewellery
 m - a ring of fire
 n - a ring of poison resistance (left hand)
Wands
 q - a wand of polymorph (12)
Scrolls
 f - 4 scrolls of identify
 l - a scroll of noise
Potions
 g - a potion of curing {unknown}
 h - a potion of magic {unknown}
 i - a potion of degeneration {unknown}
 j - a potion of haste {unknown}
 k - a potion of heal wounds
 o - 2 potions of resistance {unknown}
 p - a potion of ambrosia {unknown}
 s - a potion of flight {unknown}


   Skills:
 + Level 3.1 Fighting
 + Level 3.8 Short Blades
 - Level 2.1 Throwing
 + Level 2.7 Dodging
 + Level 6.1 Stealth


You had 3 spell levels left.
You didn't know any spells.
Your spell library contained the following spells:

 Spells                   Type           Power      Damage    Failure   Level
 Ensorcelled Hibernation  Hex/Ice        0%         N/A       45%         2
 Passwall                 Tmut/Erth      0%         N/A       45%         2
 Swiftness                Air            0%         N/A       69%         3


Dungeon Overview and Level Annotations

Branches:
Dungeon (3/15)

Altars:
Ashenzari

Shops:
D:2 (


Innate Abilities, Weirdness & Mutations

You are small and have problems with some larger weapons.
You are completely attuned to the shadows.


Message History

Okay, then.
Okay, then.
Unknown command.
The orc attacks as you move away! The orc misses you.
The orc wizard casts a spell at you. You resist with some effort.
The bullfrog snags a nearby hornet with its tongue.
You barely miss the bullfrog. The bullfrog barely misses you.
You hit the bullfrog.
The bullfrog is moderately wounded.
The bullfrog hits you.
A jelly comes into view.
The bullfrog misses you.
You hit the bullfrog.
The bullfrog is moderately wounded.
The bullfrog snags a nearby mouse with its tongue.
The bullfrog closely misses you.
You hit the bullfrog but do no damage.
The bullfrog is moderately wounded.
The bullfrog barely misses you.
You hit the bullfrog.
The bullfrog is moderately wounded.
The bullfrog closely misses you.
You barely miss the bullfrog.
The bullfrog is moderately wounded.
The bullfrog completely misses you. x2
You hit the jelly.
Your hands burn!
The jelly is lightly wounded.
The jelly misses you. The bullfrog completely misses you.
You hit the jelly.
Your hands burn!
The jelly is heavily wounded.
The bullfrog barely misses you. The jelly closely misses you.
You hit the jelly.
Your hands burn!
The jelly is severely wounded.
The bullfrog hits you.
You hit the jelly.
Your hands burn!
* * * LOW HITPOINT WARNING * * *
The jelly is severely wounded.
The bullfrog hits you.
You die...

......#.##.#
...........###
#.......>....#
)....#..##..###
#........###.....#
.........#.##.....####
..................##.##
.......##J............####
..o.o...#@##...........#..
.....F#.#F##..............
......#.oo#...............
.....o..oo...........##..#
.......................###
.......###.##..........#
.....................##
......#...........###
...).............#


You could see a bullfrog, a jelly, an orc wizard and 3 orcs.

Vanquished Creatures
  2 adders
  3 dart slugs
  5 orcs (D:6)
  4 ball pythons
  5 endoplasms
  3 giant cockroaches
  3 goblins
  7 hobgoblins
  3 jackals (D:2)
  2 kobolds
  2 quokkas (D:1)
  4 bats (D:1)
  2 frilled lizards
  8 rats
53 creatures vanquished.

Vanquished Creatures (others)
  A plant (D:3)
1 creature vanquished.

Grand Total: 54 creatures vanquished

Notes
Turn   | Place    | Note
-------+----------+-------------------------------------------
     0 | D:1      | cforsyth the Kobold Brigand began the quest for the Orb.
     0 | D:1      | Reached XP level 1. HP: 12/12 MP: 1/1
   132 | D:1      | Reached XP level 2. HP: 6/18 MP: 2/2
   319 | D:1      | Reached XP level 3. HP: 18/22 MP: 3/3
   834 | D:2      | Reached XP level 4. HP: 27/27 MP: 4/4
   928 | D:2      | Found a broken altar of Ashenzari.
   950 | D:2      | Found Fyogutel's Antique Weapon Shop.
  1226 | D:2      | Reached skill level 6 in Stealth
  1600 | D:3      | You fall into a shaft and drop 3 floors!
  1627 | D:6      | Identified a scroll of acquirement
  1627 | D:6      | Acquired 410 gold pieces
  1863 | D:6      | Noticed a bullfrog
  1881 | D:6      | Slain by a bullfrog

Illustrated notes

Levels and vault maps discovered:
D:1:      evilmike_arrival_home_sweet_home, layout_rooms,
          chequers_serial_rivers_micro_a, minmay_misc_feat_x
D:2:      layout_loops_ring, basic_altar, serial_shops, shop
D:3:      layout_basic, nicolae_overflow_crystal_walls,
          shapermc_ecumenical_altar_gd, minivault_5, uniq_natasha
D:6:      layout_cave_pools, serial_shops, nicolae_square_shop,
          gup_sewer_entry_spiral, uniq_prince_ribbit1

Skill      XL: |  1  2  3  4 |
---------------+-------------+-----
Short Blades   | 3 |  3.8
Dodging        | 2 |  2.7
Fighting       | 3 |  3.1
Stealth        | 6 |  6.1
Throwing       | |  2.1

Action                     |  1- 3 |  4- 6 || total
---------------------------+-------+-------++-------
  Melee: Dagger            |    57 |    73 ||   130
         Punch             |     2 |     1 ||     3
    Use: Scroll            |       |     4 ||     4
         Potion            |       |     1 ||     1
   Stab: Sleeping          |    23 |     9 ||    32
 Armour: Robe              |     2 |    10 ||    12
  Dodge: Dodged            |    20 |    71 ||    91

Table legend: (Time is in decaauts)
 A = Elapsed time spent in this place.
 B = Non-inter-level travel time spent in this place.
 C = Inter-level travel time spent in this place.
 D = Time resting spent in this place.
 E = Time spent auto-exploring this place.
 F = Levels seen in this place.
 G = Mean time per level.
                   A        B        C        D        E       F      G
               +--------+--------+--------+--------+--------+-----+--------+
         Total |   1859 |   1815 |     44 |      4 |   1450 |   4 |  464.8 |
       Dungeon |   1859 |   1815 |     44 |      4 |   1450 |   4 |  464.8 |
               +--------+--------+--------+--------+--------+-----+--------+

Top non-repeatable levels by time:
     D:2: 792 daAuts
     D:1: 758 daAuts
     D:6: 271 daAuts
     D:3: 37 daAuts
